Map: Eternal Empire LE

Players

BewwyCwuncH - Winner!

  • Race: Terran Terran
  • League: Master
  • Spawn Location: 7:00

SuperNova

  • Race: Terran Terran
  • League: Grandmaster
  • Spawn Location: 1:00

VOD

Have the link to the VOD?

Description

Time

  • Played on: Jan. 18, 2020, 2:48 a.m.
  • Length: 23:06
Show
View Real Time Build Order
Export as new Build Order

BewwyCwuncH Terran - Winner!

Build Orders:  

Get SALT Encoding   

  12  0:01  SCV  
  13  0:14  SCV  
  14  0:17  Supply Depot  
  14  0:26  SCV  
  15  0:29  Refinery  
  15  0:38  SCV  
  16  0:45  Barracks  
  16  0:51  SCV  
  17  0:58  Refinery  
  17  1:03  SCV  
  18  1:19  SCV  
  20  1:32  Reaper, Orbital Command  
  20  1:36  Factory  
  20  1:48  Supply Depot  
  20  1:58  SCV  
  21  2:04  Reaper  
  22  2:11  SCV  
  23  2:21  Hellion  
  25  2:23  SCV  
  26  2:30  Command Center  
  26  2:35  SCV  
  26  2:37  Reaper  
  28  2:42  Hellion  
  30  2:48  SCV  
  30  2:49  Supply Depot  
  31  2:59  Starport  
  31  3:07  Factory Tech Lab  
  31  3:09  Barracks Reactor  
  31  3:10  SCV  
  32  3:22  SCV  
  33  3:34  SCV, Cyclone  
  33  3:43  Orbital Command  
  33  3:46  Refinery, Marine x2  
  33  3:47  Bunker  
  33  3:48  Viking  
  37  3:53  SCV  
  36  4:04  Marine x2  
  36  4:09  SCV  
  38  4:12  SCV  
  38  4:15  Factory Tech Lab  
  39  4:22  Marine x2  
  41  4:26  SCV  
  41  4:27  SCV  
  41  4:29  Supply Depot  
  43  4:34  Siege Tank  
  43  4:36  Raven  
  48  4:38  SCV  
  48  4:39  SCV  
  50  4:49  Marine  
  50  4:58  SCV x2  
  50  5:02  Command Center  
  51  5:07  Supply Depot  
  51  5:08  Marine x2  
  51  5:10  SCV x2  
  54  5:18  Refinery  
  54  5:22  SCV x2  
  54  5:25  Siege Tank  
  59  5:34  SCV x2  
  61  5:41  Viking  
  61  5:42  Viking  
  64  5:43  Stimpack, Marine  
  64  5:46  SCV x2  
  62  5:57  Siege Tank  
  62  5:58  SCV  
  62  5:59  SCV  
  62  6:02  Marine  
  68  6:11  SCV x2  
  70  6:13  Viking x2, Supply Depot  
  70  6:14  Orbital Command  
  74  6:23  SCV x2  
  73  6:35  SCV  
  73  6:37  Siege Tank  
  77  6:43  Viking x2  
  80  6:51  Orbital Command  
  80  6:53  SCV x2  
  82  6:58  Barracks x2  
  82  6:59  Barracks x2  
  82  7:00  Supply Depot, Engineering Bay x2  
  82  7:01  Supply Depot  
  79  7:09  Siege Tank  
  82  7:22  SCV x2, Viking  
  80  7:23  Viking  
  80  7:27  SCV  
  83  7:34  Refinery  
  83  7:42  Siege Tank  
  86  7:50  SCV x3  
  87  7:52  Viking, Barracks Reactor x2, Barracks Tech Lab  
  87  7:53  Viking, Barracks Tech Lab  
  85  8:00  Refinery  
  85  8:04  Terran Infantry Weapons Level 1, Terran Infantry Armor Level 1  
  85  8:09  SCV x2  
  85  8:12  SCV  
  87  8:18  Combat Shield, Supply Depot  
  87  8:19  Supply Depot  
  87  8:20  Concussive Shells, Barracks Tech Lab  
  87  8:22  SCV x2  
  89  8:39  Viking x2, SCV  
  89  8:40  SCV  
  92  8:41  SCV  
  92  8:43  Marauder x2, Marine x2  
  99  8:55  SCV  
  97  8:59  SCV x2  
  99  9:05  Armory  
  99  9:06  Command Center  
  99  9:09  Viking, Marauder  
  101  9:11  Marine x2  
  101  9:13  Marine  
  101  9:14  SCV  
  105  9:21  SCV x2  
  107  9:28  Siege Tank  
  107  9:29  Marauder x2  
  114  9:41  Barracks Reactor, Starport  
  114  9:42  Barracks Reactor, Starport  
  114  9:45  SCV x2  
  114  9:52  Viking x2  
  116  9:57  SCV  
  119  10:01  Command Center  
  119  10:05  Marauder x2, Missile Turret  
  123  10:10  Marauder  
  123  10:13  Supply Depot  
  125  10:16  Supply Depot  
  125  10:17  Supply Depot  
  125  10:18  SCV x2  
  127  10:29  Marauder x2, Marine x3  
  127  10:31  Viking x2  
  127  10:34  Viking  
  140  10:39  Missile Turret  
  140  10:46  SCV x3  
  140  10:47  Viking x2  
  147  10:51  Terran Ship Weapons Level 1  
  147  10:53  Armory  
  147  10:54  Terran Infantry Armor Level 2  
  147  10:58  Terran Infantry Weapons Level 2  
  147  11:00  SCV  
  147  11:01  SCV  
  149  11:07  Planetary Fortress  
  149  11:08  Refinery  
  149  11:12  Orbital Command  
  149  11:15  Marauder  
  151  11:32  Marauder, Marine x3  
  155  11:33  Marauder  
  155  11:36  Marauder  
  155  11:38  Fusion Core  
  160  11:43  Refinery  
  160  11:44  Liberator x4  
  160  11:46  Marine  
  173  11:50  Marine x3  
  179  11:54  Marauder x2  
  179  11:57  Supply Depot x2  
  178  12:04  Marine  
  178  12:07  Missile Turret  
  178  12:08  Missile Turret  
  179  12:18  SCV, Marine x3  
  179  12:19  Marauder x2  
  179  12:30  SCV  
  190  12:42  SCV  
  179  12:51  Marauder x3, Marine x4  
  181  12:54  Terran Ship Weapons Level 2  
  181  12:55  SCV, Terran Vehicle And Ship Armor Level 1  
  181  12:56  Barracks x2  
  181  12:58  Barracks  
  190  12:59  Liberator  
  190  13:00  Supply Depot  
  193  13:07  SCV  
  193  13:08  Command Center  
  194  13:19  Terran Infantry Weapons Level 3, Terran Infantry Armor Level 3  
  194  13:21  Liberator x2  
  200  13:38  Refinery x2  
  200  13:47  Command Center  
  200  14:05  Command Center x2  
  199  14:30  Liberator  
  199  14:51  Liberator  
  199  14:52  Liberator  
  177  15:02  Liberator x3  
  177  15:04  Thor  
  185  15:07  Marauder x2, Marine x4  
  185  15:08  Marauder  
  185  15:09  Barracks Reactor, Barracks Tech Lab  
  185  15:10  Terran Ship Weapons Level 3, Terran Vehicle And Ship Armor Level 2  
  195  15:16  Orbital Command  
  195  15:18  Orbital Command  
  195  15:19  Orbital Command  
  195  15:24  Command Center x2  
  195  15:29  Marauder, Factory  
  195  15:30  Factory  
  195  15:32  Liberator  
  195  15:34  Liberator  
  174  15:44  Liberator x2  
  174  15:47  Marauder x3, Marine, Siege Tank  
  174  15:48  Refinery  
  174  15:49  Marine x2  
  187  15:50  Marauder, Marine x3  
  187  15:51  Liberator  
  187  15:52  Liberator  
  187  15:54  Barracks Tech Lab  
  200  16:07  Marine x2  
  200  16:08  SCV x5, Marauder  
  200  16:09  SCV x4  
  192  16:19  Factory Tech Lab x2  
  192  16:20  SCV x2  
  192  16:22  Liberator x2  
  200  16:25  Refinery  
  200  16:31  Refinery  
  200  16:46  Orbital Command  
  200  17:10  Refinery  
  200  17:17  Planetary Fortress  
  200  17:25  Planetary Fortress  
  191  17:52  Liberator  
  191  17:53  Liberator x2  
  155  18:19  Liberator  
  119  18:20  Liberator x2  
  97  18:30  Siege Tank x3  
  97  18:31  Marauder x3, Marine x3  
  97  18:32  Marauder x2, Marine x3  
  114  18:35  Liberator x2  
  114  18:36  Liberator  
  123  18:48  Terran Vehicle And Ship Armor Level 3  
  117  18:49  Terran Vehicle Weapons Level 1, Marine x3  
  117  18:53  Marauder x4, Marine  
  117  18:54  Marauder, Marine x2  
  133  19:02  Siege Tank x3  
  142  19:07  Marine x3  
  145  19:11  Marine x2  
  145  19:12  Marine  
  145  19:14  Marauder x4  
  145  19:15  Marauder  
  156  19:25  Marine x3  
  156  19:29  Marine x2  
  160  19:32  Liberator x6  
  160  19:35  Marauder  
  160  19:36  Marauder x4  
  168  19:53  Marine  
  168  19:57  Marauder x4  
  168  19:58  Marauder  
  174  20:04  Marine x3  
  168  20:14  Marine x2, Liberator  
  168  20:15  Marine, Liberator x4  
  168  20:18  Marauder x3  
  168  20:19  Marauder, Marine  
  168  20:20  Siege Tank  
  175  20:32  Marine x6  
  181  20:37  Marauder  
  181  20:39  Marine x2  
  181  20:40  Command Center, Marauder x2  
  179  20:50  Liberator  
  183  20:57  Liberator x3  
  183  20:58  Liberator  
  193  21:04  Thor  
  193  21:09  Unknown  
  188  21:32  Siege Tank  
  152  21:38  Marauder x2, Marine  
  147  21:40  Marauder x3, Marine x5  
  147  21:41  Medivac x6  
  164  21:54  Unknown  
  164  21:56  Marine  
  150  22:05  Marauder x2  
  145  22:10  Marauder x3, Marine x5  
  145  22:11  Medivac  
  145  22:13  Planetary Fortress, Marine  
  143  22:26  Marauder, Marine  
  143  22:27  Marine  
  143  22:28  Marine x4  
  151  22:31  Marauder, Marine x3  
  162  22:44  Marauder  
  162  22:45  Marine x3  
  162  22:46  Marine x2  
Show
View Real Time Build Order
Export as new Build Order

SuperNova Terran 

Build Orders:  

Get SALT Encoding   

  12  0:00  SCV  
  13  0:13  SCV  
  14  0:20  Supply Depot  
  14  0:25  SCV  
  15  0:30  Refinery  
  15  0:42  SCV  
  16  0:45  Barracks  
  16  0:54  SCV  
  16  0:57  Refinery  
  17  1:06  SCV  
  18  1:18  SCV  
  19  1:32  Orbital Command  
  19  1:34  Factory  
  19  1:36  Reaper  
  20  1:42  Supply Depot  
  20  1:58  SCV  
  21  2:08  Reaper  
  22  2:10  SCV  
  23  2:18  Hellion  
  23  2:22  SCV  
  26  2:27  Command Center  
  26  2:36  SCV  
  27  2:41  Factory Tech Lab  
  27  2:43  Barracks Reactor  
  27  2:48  SCV  
  27  2:51  Supply Depot  
  27  3:00  Cyclone  
  27  3:02  SCV, Mag-Field Accelerator  
  31  3:14  SCV  
  32  3:21  Marine x2  
  32  3:22  Starport  
  33  3:28  SCV  
  32  3:39  Marine  
  32  3:40  SCV  
  34  3:42  Cyclone  
  34  3:46  Supply Depot  
  34  3:47  Marine  
  38  3:54  SCV  
  39  4:06  SCV  
  39  4:08  Orbital Command  
  39  4:12  Marine x2  
  41  4:18  Medivac  
  41  4:21  SCV  
  44  4:25  Refinery  
  44  4:29  Ghost Academy  
  44  4:31  Marine x2  
  44  4:34  SCV  
  44  4:37  SCV  
  46  4:46  Cyclone  
  46  4:48  SCV  
  49  4:55  Marine  
  49  4:56  Marine  
  49  4:59  SCV  
  52  5:04  Starport Tech Lab  
  52  5:05  SCV  
  53  5:09  Supply Depot  
  53  5:11  SCV  
  54  5:17  SCV  
  55  5:22  Raven, Barracks Tech Lab  
  55  5:23  SCV  
  58  5:28  Personal Cloaking  
  58  5:29  SCV  
  58  5:32  Refinery  
  59  5:36  SCV  
  59  5:41  SCV  
  59  5:48  SCV  
  55  5:53  SCV  
  55  6:00  SCV  
  55  6:03  Siege Tank  
  59  6:05  Command Center  
  59  6:06  SCV  
  60  6:12  SCV  
  60  6:15  Unknown  
  60  6:18  SCV, Viking  
  64  6:22  Medivac  
  64  6:24  SCV  
  67  6:25  Refinery  
  67  6:29  Refinery  
  67  6:30  SCV  
  68  6:36  SCV, Siege Tank  
  66  6:49  Viking  
  66  6:51  SCV  
  66  6:55  Nuke  
  66  7:01  Viking  
  66  7:02  Marine  
  66  7:03  SCV  
  70  7:11  SCV  
  70  7:18  Siege Tank  
  70  7:20  Viking  
  72  7:26  SCV x2  
  74  7:34  Viking  
  74  7:38  SCV x2  
  76  7:50  Viking, Siege Tank  
  78  7:53  SCV  
  78  7:54  Nuke  
  77  8:02  SCV  
  77  8:04  Viking  
  77  8:05  SCV  
  81  8:15  SCV  
  82  8:20  Viking  
  82  8:23  SCV  
  82  8:24  Orbital Command  
  85  8:32  Factory  
  85  8:33  Factory  
  85  8:42  Nuke  
  85  9:01  Supply Depot x2  
  85  9:03  Viking, SCV x2, Siege Tank  
  92  9:10  Orbital Command  
  92  9:13  Viking  
  94  9:18  Factory Tech Lab  
  94  9:24  Unknown, Siege Tank  
  97  9:33  SCV  
  98  9:43  Siege Tank  
  101  9:47  Liberator  
  101  9:50  Command Center  
  104  9:53  Command Center  
  104  10:00  Siege Tank  
  104  10:01  SCV x2  
  104  10:02  Orbital Command  
  109  10:15  SCV  
  109  10:17  SCV  
  111  10:23  Supply Depot, Siege Tank  
  111  10:25  Supply Depot  
  111  10:27  SCV  
  115  10:30  Supply Depot x2  
  115  10:31  Supply Depot, Refinery  
  115  10:32  SCV x2  
  117  10:38  Unknown  
  117  10:43  Refinery  
  117  10:44  Command Center  
  117  10:45  SCV  
  117  10:46  Armory, Engineering Bay  
  117  10:48  Armory  
  118  10:52  Viking  
  118  10:55  Viking  
  122  11:02  Supply Depot  
  122  11:06  Siege Tank  
  122  11:07  SCV x2  
  122  11:08  SCV  
  128  11:16  Siege Tank  
  131  11:19  SCV  
  131  11:22  Viking  
  134  11:26  Nuke  
  134  11:34  Viking  
  134  11:35  Orbital Command  
  134  11:39  Missile Turret  
  136  11:40  Missile Turret  
  136  11:42  Missile Turret  
  136  11:43  Unknown  
  136  11:52  Viking  
  138  12:01  Refinery  
  138  12:04  Terran Ship Weapons Level 1, Orbital Command, Terran Vehicle And Ship Armor Level 1  
  138  12:05  Refinery  
  138  12:09  Viking  
  140  12:16  Starport  
  140  12:17  Unknown  
  140  12:18  Missile Turret  
  140  12:21  Viking, Siege Tank  
  124  12:39  Viking  
  125  12:44  Command Center  
  125  12:51  Command Center, Nuke  
  125  12:52  Siege Tank  
  128  13:01  Starport Reactor  
  128  13:02  Viking  
  128  13:04  Siege Tank  
  133  13:10  Viking  
  133  13:12  Missile Turret  
  135  13:21  Orbital Command, Siege Tank  
  138  13:30  Siege Tank  
  143  13:40  Viking  
  145  13:44  Viking  
  147  13:49  Missile Turret  
  147  13:51  Sensor Tower  
  147  13:52  Viking, Missile Turret  
  147  13:53  Viking  
  151  13:57  Unknown, Refinery  
  151  13:58  Refinery  
  151  14:06  Nuke  
  151  14:10  Viking  
  151  14:13  Siege Tank  
  151  14:14  Viking  
  158  14:19  Orbital Command x2  
  158  14:21  Terran Ship Weapons Level 2  
  158  14:29  Viking  
  160  14:34  Viking  
  160  14:38  Siege Tank  
  164  14:40  Viking  
  161  14:57  Viking  
  145  15:01  Viking  
  145  15:05  Viking  
  145  15:06  Siege Tank  
  150  15:11  Orbital Command  
  150  15:12  Viking, Siege Tank  
  155  15:27  Viking  
  157  15:30  Missile Turret x2  
  157  15:31  Missile Turret  
  157  15:41  Viking  
  150  15:42  Orbital Command  
  150  15:46  Viking  
  152  15:51  Viking  
  152  15:53  Nuke  
  152  15:57  Siege Tank  
  152  15:58  Siege Tank  
  158  16:05  Unknown  
  158  16:08  Viking  
  160  16:15  Viking  
  160  16:17  Missile Turret  
  160  16:18  Terran Vehicle And Ship Armor Level 2  
  162  16:19  Missile Turret  
  162  16:23  Missile Turret  
  162  16:24  Sensor Tower  
  162  16:25  Missile Turret  
  162  16:26  Viking, Missile Turret  
  162  16:29  Viking  
  162  16:30  Siege Tank  
  169  16:36  Starport  
  169  16:38  Viking  
  171  16:40  Missile Turret  
  171  16:42  Missile Turret  
  171  16:52  Siege Tank  
  143  16:54  Viking  
  174  16:56  Terran Ship Weapons Level 3, Missile Turret  
  176  17:01  Missile Turret  
  176  17:02  Nuke  
  176  17:05  Viking  
  178  17:10  Siege Tank  
  181  17:16  Starport Tech Lab  
  181  17:20  Siege Tank  
  184  17:24  Siege Tank  
  187  17:30  Viking x2  
  187  17:33  Viking  
  193  17:38  Viking  
  190  17:56  Siege Tank  
  187  18:07  Siege Tank  
  187  18:10  Viking  
  174  18:18  Viking  
  135  18:21  Viking  
  135  18:23  Viking  
  121  18:31  Siege Tank  
  121  18:33  Viking  
  124  18:35  Orbital Command, Siege Tank  
  124  18:40  Viking  
  129  18:42  Unknown  
  129  18:47  Siege Tank  
  129  18:48  Viking, Nuke  
  132  18:55  Viking  
  134  19:03  Siege Tank  
  134  19:05  Viking  
  139  19:11  Command Center  
  139  19:12  Command Center  
  139  19:13  Command Center  
  139  19:15  Viking  
  141  19:20  Viking  
  143  19:30  Viking x2  
  147  19:35  Viking  
  147  19:39  Missile Turret  
  147  19:40  Missile Turret  
  147  19:41  Missile Turret  
  147  19:43  Missile Turret  
  147  19:44  Missile Turret  
  147  19:45  Viking  
  137  19:47  Terran Vehicle And Ship Armor Level 3  
  137  19:50  Viking  
  133  20:00  Viking x2  
  133  20:04  Missile Turret  
  133  20:05  Viking  
  135  20:15  Viking  
  135  20:19  Viking  
  138  20:30  Viking  
  138  20:35  Viking  
  142  20:36  Viking  
  142  20:40  Command Center  
  142  20:41  Siege Tank  
  146  20:45  Viking  
  148  20:51  Siege Tank  
  148  20:53  Missile Turret  
  148  20:54  Viking, Missile Turret  
  148  20:55  Siege Tank  
  156  20:58  Orbital Command  
  156  20:59  Command Center  
  156  21:06  Orbital Command  
  156  21:09  Viking  
  158  21:13  Missile Turret  
  158  21:19  Viking  
  155  21:31  Viking, Siege Tank  
  132  21:35  Siege Tank  
  115  21:42  Viking  
  109  21:51  Viking  
  110  21:58  Viking  
  101  22:07  Viking  
  99  22:13  Viking, Siege Tank  
  102  22:16  Viking  
  97  22:24  Viking  
  98  22:30  Orbital Command  
Tags
 
Add a new tag
Caveats
  • Supply blocks, unpowered buildings, or Contaminate may cause inaccurate times.
  • Supply counts are checked every 10 seconds.